 Dungeon Crawl Stone Soup version 0.31-a0-965-g8a8ce12e04 (webtiles) character file.

Game seed: 16761624483639437112

8473 jlumianski the Grappler (level 11, -15/53 (74) HPs)
             Began as a Gnoll Shapeshifter on Oct 26, 2023.
             Was a Believer of Hepliaklqana.
             Killed from afar by Nergalle (24 damage)
             ... with a bolt of negative energy
             ... on level 10 of the Dungeon on Oct 27, 2023.
             The game lasted 00:57:11 (11681 turns).

jlumianski the Grappler (Gnoll Shapeshifter)       Turns: 11681, Time: 00:57:16

HP:   -15/53 (74)   AC: 10    Str: 17    XL:     11   Next: 31%
MP:   16/20         EV: 13    Int: 16    God:    Hepliaklqana [**....]
Gold: 572           SH:  0    Dex: 12    Spells: 12/22 levels left

rFire   . .          .
                       - Unarmed
rCold   . . .        (no shield)
rNeg    . . .        G - +4 ring mail
rPois   .            (helmet currently unavailable)
rElec   .            (cloak currently unavailable)
rCorr   .            (gloves currently unavailable)
SInv    .            (boots currently unavailable)
Will    .....        (no amulet)
Stlth   ++           i - ring of wizardry
HPRegen 0.28/turn    R - +6 ring of intelligence
MPRegen 0.17/turn

%: wizardry (x1)
@: beast-form, very heavily drained
A: beast (slay +4), reduced essence, fangs 1, strong nose, distributed training
a: Begin Untransformation, Renounce Religion, Recall Ancestor, Ancestor Identity


You were on level 10 of the Dungeon.
You worshipped Hepliaklqana.
Hepliaklqana was pleased with you.
You were a hulking beast.
You visited 2 branches of the dungeon, and saw 11 of its levels.

You collected 572 gold pieces.

Inventory:

Hand Weapons
 a - a +0 spectral quarterstaff
 f - a +0 demon whip of venom
 D - a +0 rapier
Missiles
 u - 25 poisoned darts
 S - 5 boomerangs (quivered)
Armour
 m - a +0 cloak
 G - a +4 ring mail (worn)
Jewellery
 h - a ring of protection from fire
 i - a ring of wizardry (left hand)
 j - a ring of ice
 R - a +6 ring of intelligence (right hand)
 V - a +6 ring of intelligence
Talismans
 c - a beast talisman
 d - a flux talisman
 x - a maw talisman
Wands
 g - a wand of polymorph (10)
 N - a wand of quicksilver (4)
 Z - a wand of paralysis (6)
Scrolls
 e - 2 scrolls of poison
 n - 2 scrolls of teleportation
 A - 3 scrolls of fog
 K - a scroll of silence
 P - a scroll of enchant weapon {unknown}
 W - 3 scrolls of fear
Potions
 b - 3 potions of lignification
 p - 2 potions of enlightenment
 t - 2 potions of cancellation
 v - 2 potions of curing
 C - a potion of resistance
 E - a potion of magic {unknown}
 U - a potion of brilliance


   Skills:
 + Level 6.8 Fighting
 + Level 6.3 Short Blades
 + Level 6.3 Long Blades
 + Level 6.3 Axes
 + Level 6.3 Maces & Flails
 + Level 6.3 Polearms
 + Level 6.3 Staves
 + Level 6.3 Ranged Weapons
 + Level 6.3 Throwing
 + Level 6.3 Armour
 + Level 7.9 Dodging
 + Level 6.3 Stealth
 + Level 6.3 Shields
 + Level 9.2 Unarmed Combat
 + Level 6.3 Spellcasting
 + Level 5.2 Conjurations
 + Level 5.2 Hexes
 + Level 5.2 Summonings
 + Level 5.2 Necromancy
 + Level 5.2 Translocations
 + Level 5.2 Transmutations
 + Level 5.2 Fire Magic
 + Level 5.2 Ice Magic
 + Level 5.2 Air Magic
 + Level 5.2 Earth Magic
 + Level 5.2 Poison Magic
 + Level 6.9 Invocations
 + Level 6.3 Evocations
 + Level 8.8 Shapeshifting


You had 12 spell levels left.
You knew the following spells:

 Your Spells              Type           Power      Damage    Failure   Level
a - Call Imp              Summ           42%        N/A       1%          2
b - Necrotise             Necr           84%        1d8       1%          1
c - Passwall              Tmut/Erth      17%        N/A       1%          2
d - Mephitic Cloud        Conj/Pois/Air  21%        N/A       3%          3
e - Ensorcelled Hibernat  Hex/Ice        42%        N/A       1%          2

Your spell library contained the following spells:

 Spells                   Type           Power      Damage    Failure   Level
 Magic Dart               Conj           84%        1d7       1%          1
 Swiftness                Air            21%        N/A       3%          3
 Vampiric Draining        Necr           21%        2d7       3%          3
 Agony                    Necr           21%        N/A       28%         5
 Summon Forest            Summ/Tloc      10%        N/A       28%         5
 Summon Mana Viper        Hex/Summ       21%        N/A       28%         5
 Summon Cactus Giant      Summ           10%        N/A       82%         6


Dungeon Overview and Level Annotations

Branches:
Dungeon (10/15)            Temple (1/1) D:5            Lair (0/5) D:9
    Orc: D:9-12

Altars:
Ashenzari
Cheibriados
Dithmenos
Elyvilon
Fedhas
Gozag
Hepliaklqana
Kikubaaqudgha
Makhleb
Nemelex Xobeh
Okawaru
Qazlal
Ru
Sif Muna
Trog
Uskayaw
Vehumet
Wu Jian
Xom
Yredelemnul
Zin
The Shining One

Shops:
D:7 [   D:8 (

Annotations:
D:2 1 runed translucent door, Crazy Yiuf
D:10 Nergalle


Innate Abilities, Weirdness & Mutations

You are a hulking beast.
Your limbs bulge with bestial killing power. (Slay +4)
Your life essence is reduced to manifest your ancestor. (-10% HP)
You have very sharp teeth.
Your uncanny sense of smell can sniff out nearby items.
Your experience applies equally to all skills.


Message History

The spectral orc warrior hits you but does no damage.
Anedjib hits the spectral orc warrior but does no damage.
Nergalle is engulfed in noxious fumes.
Nergalle hits the spectral orc warrior but does no damage.
The spectral orc warlord hits you with a +0 great sword!
* * * LOW HITPOINT WARNING * * *
Anedjib hits the spectral orc warlord but does no damage.
The spectral orc warrior attacks as it pursues you!
The spectral orc warrior hits you but does no damage.
An orc warrior comes into view. It is wielding a +0 mace.
The spectral orc warrior attacks as it pursues you!
The spectral orc warrior hits you.
* * * LOW HITPOINT WARNING * * *
There is a stone staircase leading up, spattered with blood here.
Okay, then.
Unknown command.
Unknown command.
You feel better.
Nergalle seems less confused.
The spectral orc warlord closely misses you.
The spectral orc warrior barely misses you.
Anedjib hits the spectral orc warlord but does no damage.
Okay, then.
Unknown command.
Okay, then.
Press: ? - help, v - describe, . - travel
Here: Nergalle, wielding a +0 dagger and wearing a +2 robe The floor.
Select a target.
Press: ? - help, Dir - move target, f - you, p - Nergalle A stone staircase leading up, spattered with blood.
You swap with Anedjib!
You can no longer swap creatures with your ancestor.
The spectral orc warlord misses you.
Anedjib blocks something's attack.
The orc warrior unwields a +0 mace.
The orc warrior wields a +0 orcbow.
The orc warrior shoots an arrow.
The arrow hits you.
* * * LOW HITPOINT WARNING * * *
Nergalle says, "THAT's why.
How awful.
You!"
Nergalle casts a spell at you. The bolt of negative energy hits you!!
You feel drained.
You die...

#.. #..# #... .
#...## .. #.....
.# #..#.# .#
#....##+#.# ###
#..RZo.o.# ###..
###Z#h...##
###...# #.......#
###...###
###...######c..###
#...####...###
#...#....###
#..)...###
#...#..# #...##.#
#...##.#


You could see the friendly Anedjib the knight, Nergalle, a spectral orc warlord
(summoned) and an orc warrior.

Vanquished Creatures
  A two-headed ogre (D:9)
  Amaemon (D:9)
  Pikel (D:4)
  An elephant (D:8)
  Joseph (D:7)
  An orange demon (D:9)
  Grinder (D:3)
  A wyvern (D:9)
  3 yaks (D:9)
  Eustachio (D:4)
  Menkaure (D:7)
  2 black bears
  An orc warrior (D:5)
  4 ice beasts
  2 sky beasts
  3 ogres
  3 centaurs
  3 phantoms (D:6)
  A kobold brigand (D:10)
  4 bullfrogs
  3 scorpions
  3 wights (D:8)
  2 howler monkeys
  2 jellies
  7 hounds
  5 iguanas
  3 orc priests
  Terence (D:2)
  An orc wizard (D:4)
  A sleepcap (D:5)
  9 adders
  15 gnolls
  A shadow imp (D:7)
  3 ufetubi
  2 worms (D:2)
  7 dart slugs
  11 orcs
  4 bats
  4 endoplasms
  3 giant cockroaches
  6 goblins
  4 hobgoblins
  11 kobolds
  8 quokkas
  4 ball pythons
  A frilled lizard (D:2)
  4 rats
161 creatures vanquished.

Vanquished Creatures (collateral kills)
  The ghost of dragonking145 the Shield-Bearer, a novice GrFi of Okawaru (D:9)
  Maggie (D:7)
  A wyvern (D:9)
  A steam dragon (D:6)
  A water moccasin (D:8)
  Duvessa (D:7)
  A sky beast (D:7)
  A black bear (D:9)
  A kobold brigand (D:9)
  A bullfrog (D:8)
  A scorpion (D:7)
  A wight (D:8)
  A gnoll bouda (D:7)
  2 orc wizards (D:9)
  2 gnolls (D:7)
  An adder (D:6)
  2 orcs (D:7)
  2 goblins (D:7)
  2 kobolds (D:9)
24 creatures vanquished.

Vanquished Creatures (others)
  Dowan (D:7)
  A knight (D:9)
  An ufetubus (D:7)
3 creatures vanquished.

Grand Total: 188 creatures vanquished

Notes
Turn   | Place    | Note
-------+----------+-------------------------------------------
     0 | D:1      | jlumianski the Gnoll Shapeshifter began the quest for the
                  | Orb.
     0 | D:1      | Reached XP level 1. HP: 17/17 MP: 1/1
   193 | D:2      | Reached XP level 2. HP: 23/23 MP: 2/2
   738 | D:2      | Reached XP level 3. HP: 26/28 MP: 3/3
   891 | D:2      | Reached skill level 1 in Invocations
  1044 | D:2      | Noticed Terence
  1056 | D:2      | Killed Terence
  1057 | D:2      | Reached skill level 1 in Short Blades
  1057 | D:2      | Reached skill level 1 in Long Blades
  1057 | D:2      | Reached skill level 1 in Axes
  1057 | D:2      | Reached skill level 1 in Maces & Flails
  1057 | D:2      | Reached skill level 1 in Polearms
  1057 | D:2      | Reached skill level 1 in Staves
  1057 | D:2      | Reached skill level 1 in Ranged Weapons
  1057 | D:2      | Reached skill level 1 in Throwing
  1057 | D:2      | Reached skill level 1 in Armour
  1057 | D:2      | Reached skill level 1 in Stealth
  1057 | D:2      | Reached skill level 1 in Shields
  1057 | D:2      | Reached skill level 1 in Spellcasting
  1057 | D:2      | Reached skill level 1 in Evocations
  1057 | D:2      | Reached XP level 4. HP: 31/34 MP: 5/5
  1232 | D:2      | Found a runed translucent door.
  1233 | D:2      | Noticed Crazy Yiuf
  1641 | D:4      | Reached skill level 1 in Conjurations
  1641 | D:4      | Reached skill level 1 in Hexes
  1641 | D:4      | Reached skill level 1 in Summonings
  1641 | D:4      | Reached skill level 1 in Necromancy
  1641 | D:4      | Reached skill level 1 in Translocations
  1641 | D:4      | Reached skill level 1 in Transmutations
  1641 | D:4      | Reached skill level 1 in Fire Magic
  1641 | D:4      | Reached skill level 1 in Ice Magic
  1641 | D:4      | Reached skill level 1 in Air Magic
  1641 | D:4      | Reached skill level 1 in Earth Magic
  1641 | D:4      | Reached skill level 1 in Poison Magic
  1641 | D:4      | Noticed Grinder
  1641 | D:4      | Noticed Eustachio
  1646 | D:4      | Paralysed by Grinder for 4 turns
  1806 | D:3      | Found a snail-covered altar of Cheibriados.
  2719 | D:5      | Entered Level 5 of the Dungeon
  2796 | D:4      | Reached XP level 5. HP: 30/40 MP: 5/7
  2853 | D:3      | Paralysed by Grinder for 3 turns
  2860 | D:3      | Killed Grinder
  2861 | D:3      | Reached skill level 5 in Dodging
  2861 | D:3      | Reached XP level 6. HP: 29/47 MP: 7/9
  3181 | D:4      | Found a burning altar of Makhleb.
  3183 | D:4      | Noticed a green death
  3187 | D:4      | Noticed a smoke demon
  3187 | D:4      | Noticed a ynoxinul
  3274 | D:4      | Killed Eustachio
  3275 | D:4      | Reached skill level 7 in Unarmed Combat
  3275 | D:4      | Reached XP level 7. HP: 34/52 MP: 10/10
  3389 | D:4      | Found a basalt altar of Yredelemnul.
  3428 | D:4      | Found a shadowy altar of Dithmenos.
  3698 | D:4      | Noticed Pikel
  3711 | D:4      | Killed Pikel
  3712 | D:4      | Reached XP level 8. HP: 40/60 MP: 10/12
  4070 | D:5      | Found a sacrificial altar of Ru.
  4070 | D:5      | Found an ancient bone altar of Kikubaaqudgha.
  4532 | D:5      | Found a staircase to the Ecumenical Temple.
  4540 | Temple   | Entered the Ecumenical Temple
  4578 | Temple   | Became a worshipper of Hepliaklqana the Forgotten
  4781 | D:5      | Identified the +0 robe of the Butterfly {Str+5}
  5645 | D:6      | Reached XP level 9. HP: 66/66 MP: 14/14
  5846 | D:7      | Noticed Joseph
  5866 | D:7      | Killed Joseph
  5867 | D:7      | Reached skill level 5 in Fighting
  6167 | D:6      | Reached skill level 8 in Unarmed Combat
  6198 | D:6      | Reached skill level 5 in Invocations
  6308 | D:6      | Reached * piety under Hepliaklqana
  6491 | D:7      | Noticed Duvessa
  6491 | D:7      | Noticed Dowan
  7087 | D:7      | Noticed Maggie
  7095 | D:7      | Reached XP level 10. HP: 67/67 MP: 17/17
  7097 | D:7      | Killed Dowan
  7106 | D:7      | Killed Maggie
  7107 | D:7      | Reached skill level 5 in Short Blades
  7107 | D:7      | Reached skill level 5 in Long Blades
  7107 | D:7      | Reached skill level 5 in Axes
  7107 | D:7      | Reached skill level 5 in Maces & Flails
  7107 | D:7      | Reached skill level 5 in Polearms
  7107 | D:7      | Reached skill level 5 in Staves
  7107 | D:7      | Reached skill level 5 in Ranged Weapons
  7107 | D:7      | Reached skill level 5 in Throwing
  7107 | D:7      | Reached skill level 5 in Armour
  7107 | D:7      | Reached skill level 5 in Stealth
  7107 | D:7      | Reached skill level 5 in Shields
  7107 | D:7      | Reached skill level 5 in Spellcasting
  7107 | D:7      | Reached skill level 5 in Evocations
  7112 | D:7      | Noticed Menkaure
  7312 | D:7      | Killed Menkaure
  7462 | D:7      | Killed Duvessa
  7692 | D:8      | Identified a scroll of acquirement
  7693 | D:8      | Acquired a book of Minor Magic
  7708 | D:8      | Learned a level 2 spell: Call Imp
  7716 | D:8      | Found Goecs's Weapon Shoppe.
  7829 | D:8      | Reached ** piety under Hepliaklqana
  7839 | D:8      | Remembered your ancestor Anedjib as a knight
  7926 | D:7      | Learned a level 1 spell: Necrotise
  8470 | D:7      | Found Kadodgh Ninu's Antique Armour Shop.
  8965 | D:8      | Learned a level 2 spell: Passwall
  9211 | D:9      | Found a runed translucent door.
  9234 | D:9      | Noticed dragonking145's ghost (novice GrFi)
  9240 | D:9      | Found an ornate altar of the Wu Jian Council.
  9271 | D:9      | Noticed a two-headed ogre
  9285 | D:9      | Killed a two-headed ogre
  9489 | D:9      | Found a broken altar of Ashenzari.
  9505 | D:9      | Noticed an orange demon
  9520 | D:9      | Found a white marble altar of Elyvilon.
  9613 | D:10     | Entered Level 10 of the Dungeon
  9632 | D:9      | Found a sparkling altar of Nemelex Xobeh.
  9762 | D:9      | Noticed an elephant
  9764 | D:9      | Found a staircase to the Lair.
  9808 | D:8      | Killed an elephant
  9913 | D:8      | Upgraded the game from 0.31-a0-963-ga325b2283a to
                  | 0.31-a0-965-g8a8ce12e04
 10016 | D:9      | Reached XP level 11. HP: 27/74 MP: 19/19
 10022 | D:9      | Reached skill level 9 in Unarmed Combat
 10320 | D:9      | Learned a level 3 spell: Mephitic Cloud
 10323 | D:9      | Learned a level 2 spell: Ensorcelled Hibernation
 10544 | D:9      | Reached skill level 5 in Conjurations
 10544 | D:9      | Reached skill level 5 in Hexes
 10544 | D:9      | Reached skill level 5 in Summonings
 10544 | D:9      | Reached skill level 5 in Necromancy
 10544 | D:9      | Reached skill level 5 in Translocations
 10544 | D:9      | Reached skill level 5 in Transmutations
 10544 | D:9      | Reached skill level 5 in Fire Magic
 10544 | D:9      | Reached skill level 5 in Ice Magic
 10544 | D:9      | Reached skill level 5 in Air Magic
 10544 | D:9      | Reached skill level 5 in Earth Magic
 10544 | D:9      | Reached skill level 5 in Poison Magic
 10620 | D:9      | Noticed Amaemon
 10662 | D:9      | Killed Amaemon
 10989 | D:9      | Killed dragonking145's ghost
 11323 | D:10     | Reached *** piety under Hepliaklqana
 11331 | D:10     | Noticed Nergalle
 11672 | D:10     | Noticed a spectral orc warlord
 11681 | D:10     | Killed from afar by Nergalle

Illustrated notes

Levels and vault maps discovered:
D:1:      saegor_arrival_simple_d, layout_rooms, chequers_serial_rivers_small_b
D:2:      layout_loops_ring, uniq_crazy_yiuf_cottage, uniq_terence
D:3:      layout_basic, mainiacjoe_overflow_alcove_4
D:4:      layout_basic, general_overflow_altar, nicolae_overflow_crystal_walls,
          makhleb_altar_promises_db, nicolae_grassy_gnolls, uniq_grinder,
          uniq_pikel, uniq_eustachio
D:5:      layout_cave_pods, nicolae_overflow_two_pavilions, temple_statues
D:6:      layout_basic, minmay_misc_feat_x
D:7:      layout_basic, enter_bailey_3, serial_shops,
          nicolae_shop_tiny_waterfront, uniq_maggie, uniq_duvessa, uniq_joseph,
          uniq_menkaure
D:8:      layout_basic, serial_shops, nicolae_shop_bloodbath_and_beyond
D:9:      layout_layer_cave, mainiacjoe_overflow_tiny_flanked,
          evilmike_ruin_ashenzari, mainiacjoe_overflow_chevrons,
          nemelex_xobeh_ov_fountains_minmay, david_lair_generic,
          ebering_ghost_reflecting_pool, uniq_amaemon
D:10:     minmay_the_grid_triangle_9x9_rhombus_thin
          [minmay_the_grid_triangle_9x9_zippers_horizontal,
          minmay_the_grid_triangle_9x9_prize_top_heavy,
          minmay_the_grid_triangle_9x9_wacky_v,
          minmay_the_grid_triangle_9x9_from_above], layout_basic, serial_shops,
          shop, serial_corexii_hall, corexii_hall_statues_i,
          chequers_hall_statues_wall_a, uniq_snorg, uniq_urug, uniq_nergalle
Temple:   minmay_temple_bridge_abc

Skill      XL: |  1  2  3  4  5  6  7  8  9 10 11 |
---------------+----------------------------------+-----
Invocations    | 1 2 3 4 5 6 |  6.9
Short Blades   | 1 2 3 4 5 6 |  6.3
Long Blades    | 1 2 3 4 5 6 |  6.3
Axes           | 1 2 3 4 5 6 |  6.3
Maces & Flails | 1 2 3 4 5 6 |  6.3
Polearms       | 1 2 3 4 5 6 |  6.3
Staves         | 1 2 3 4 5 6 |  6.3
Ranged Weapons | 1 2 3 4 5 6 |  6.3
Throwing       | 1 2 3 4 5 6 |  6.3
Armour         | 1 2 3 4 5 6 |  6.3
Stealth        | 1 2 3 4 5 6 |  6.3
Shields        | 1 2 3 4 5 6 |  6.3
Spellcasting   | 1 2 3 4 5 6 |  6.3
Evocations     | 1 2 3 4 5 6 |  6.3
Conjurations   | 1 2 3 4 5 |  5.2
Hexes          | 1 2 3 4 5 |  5.2
Summonings     | 1 2 3 4 5 |  5.2
Necromancy     | 1 2 3 4 5 |  5.2
Translocations | 1 2 3 4 5 |  5.2
Transmutations | 1 2 3 4 5 |  5.2
Fire Magic     | 1 2 3 4 5 |  5.2
Ice Magic      | 1 2 3 4 5 |  5.2
Air Magic      | 1 2 3 4 5 |  5.2
Earth Magic    | 1 2 3 4 5 |  5.2
Poison Magic   | 1 2 3 4 5 |  5.2
Fighting       | 3 4 5 6 |  6.8
Dodging        | 5 6 7 |  7.9
Unarmed Combat | 7 8 9 |  9.2
Shapeshifting  | 7 8 |  8.8

Action                     |  1- 3 |  4- 6 |  7- 9 | 10-12 || total
---------------------------+-------+-------+-------+-------++-------
  Melee: Unarmed           |    61 |    89 |   273 |   214 ||   637
         Bite              |     3 |     9 |    28 |    26 ||    66
         Punch             |     1 |     5 |    16 |    15 ||    37
  Throw: Dart              |       |     4 |     5 |     5 ||    14
   Cast: Call Imp          |       |       |       |    18 ||    18
         Necrotise         |       |       |       |     6 ||     6
         Mephitic Cloud    |       |       |       |     4 ||     4
         Ensorcelled Hiber |       |       |       |     3 ||     3
 Invoke: Recall Ancestor   |       |       |       |     4 ||     4
         Ancestor Life: Kn |       |       |       |     1 ||     1
         Transference      |       |       |       |     1 ||     1
  Evoke: Wand              |       |       |       |     5 ||     5
    Use: Scroll            |       |     5 |     7 |     7 ||    19
         Potion            |       |     1 |     1 |     4 ||     6
   Stab: Sleeping          |     1 |       |       |     2 ||     3
         Distracted        |       |       |       |     2 ||     2
         Confused          |       |       |       |     3 ||     3
 Armour: Animal skin       |     9 |       |       |       ||     9
         Ring mail         |    12 |       |       |   152 ||   164
         Plate armour      |     7 |    81 |   299 |    26 ||   413
  Dodge: Dodged            |    22 |    36 |   102 |   101 ||   261

Table legend: (Time is in decaauts)
 A = Elapsed time spent in this place.
 B = Non-inter-level travel time spent in this place.
 C = Inter-level travel time spent in this place.
 D = Time resting spent in this place.
 E = Time spent auto-exploring this place.
 F = Levels seen in this place.
 G = Mean time per level.
                   A        B        C        D        E       F      G
               +--------+--------+--------+--------+--------+-----+--------+
         Total |  11617 |  11240 |    377 |   2501 |   5290 |  11 | 1056.1 |
       Dungeon |  11553 |  11176 |    377 |   2501 |   5290 |  10 | 1155.3 |
        Temple |     63 |     63 |      0 |      0 |      0 |   1 |   63.0 |
               +--------+--------+--------+--------+--------+-----+--------+

Top non-repeatable levels by time:
     D:9: 2113 daAuts
     D:5: 1691 daAuts
     D:7: 1463 daAuts
     D:3: 1410 daAuts
     D:6: 1361 daAuts
     D:4: 995 daAuts
     D:2: 984 daAuts
     D:8: 800 daAuts
     D:1: 556 daAuts
    D:10: 177 daAuts
  Temple: 63 daAuts
